 Dungeon Sprint DCSS version 0.30-a0-920-g7493c07aab (webtiles) character file.

Game seed: 9065491806793745150

268 Atreus the Protected (level 6, -1/62 HPs)
             Began as an Armataur Monk on Mar 21, 2023.
             Was an Initiate of Yredelemnul.
             Killed from afar by a deep elf zephyrmancer (2 damage)
             ... with a bolt of lightning
             ... in the Dungeon (Sprint V: "Ziggurat Sprint").
             The game lasted 00:02:36 (156 turns).

Atreus the Protected (Armataur Monk)                 Turns: 156, Time: 00:02:37

Health: -1/62      AC: 27    Str: 31    XL:     6   Next: 0%
Magic:  4/8        EV:  0    Int: 10    God:    Yredelemnul [......]
Gold:   0          SH: 26    Dex: 12    Spells: 5/5 levels left

rFire   . . .      SeeInvis +    C - +16 obsidian axe {drain, demonic, Mesm Drain Fly SInv}
rCold   . . .      Faith    .    E - +18 shield of the Gong {Loud rN+ Will+ rCorr EV-5}
rNeg    + . .      Spirit   .    D - +15 Maxwell's patent armour {-Cast -Tele rElec Will+ rCorr}
rPois   .          Reflect  .    (no helmet)
rElec   +          Roll     +    (no cloak)
rCorr   +          NoTele   +    (no gloves)
Will    ++...      NoCast   +    (no barding) Stlth
                                 (no amulet)
HPRegen 0.30/turn                A - +6 ring of strength
MPRegen 0.11/turn                z - +6 ring of strength

@: lethally poisoned (-1 -> -8), flying, mesmerised
A: large, rugged brown scales 3, deformed body, armoured tail, roll, long
tongue, awkward tongue
a: Renounce Religion, Recall Undead Harvest


You were in the Dungeon.
You worshipped Yredelemnul.
Yredelemnul was noncommittal.
You visited 1 branch

Inventory:

Hand Weapons
 a - a +0 hand axe
 C - the +16 obsidian axe (weapon) {drain, demonic, Mesm Drain Fly SInv}
   (You found it in the Dungeon)

   Mesm:      Its wielder is mesmerised by any visible foes, and it cannot be
   unequipped while any foes are visible.
   SInv:      It lets you see invisible.
   Fly:       It grants you flight.
   Drain:     It drains your maximum health when unequipped.
 F - the +8 demon blade "Leech" {evervamp, Harm Drain rN+}
   (You found it in the Dungeon)

   rN:        It protects you from negative energy.
   Drain:     It drains your maximum health when unequipped.
   Harm:      It increases damage dealt and taken.
Armour
 b - a +0 robe
 D - the +15 Maxwell's patent armour (worn) {-Cast -Tele rElec Will+ rCorr}
   (You found it in the Dungeon)

   rElec:     It insulates you from electricity.
   -Cast:     It prevents spellcasting.
   -Tele:     It prevents most forms of teleportation.
   rCorr:     It protects you from acid and corrosion.
   Will:      It increases your willpower.
 E - the +18 shield of the Gong (worn) {Loud rN+ Will+ rCorr EV-5}
   (You found it in the Dungeon)

   Loud:      It is deafeningly noisy when blocking attacks.
   EV:        It affects your evasion (-5).
   rN:        It protects you from negative energy.
   rCorr:     It protects you from acid and corrosion.
   Will:      It increases your willpower.
Jewellery
 u - a ring of flight
 v - a +6 ring of dexterity
 w - a +6 ring of dexterity
 x - a +6 ring of intelligence
 y - a +6 ring of intelligence
 z - a +6 ring of strength (right hand)
 A - a +6 ring of strength (left hand)
Wands
 s - a wand of mindburst (7)
 t - a wand of quicksilver (7) (quivered)
Scrolls
 i - 4 scrolls of blinking
 m - a scroll of brand weapon
 o - 4 scrolls of amnesia
 p - 7 scrolls of fog
 q - 5 scrolls of identify
 r - 2 scrolls of fear
Potions
 c - a potion of ambrosia
 d - 10 potions of curing
 e - 10 potions of heal wounds
 f - 6 potions of haste
 g - 7 potions of magic
 h - 3 potions of berserk rage
 j - 2 potions of brilliance
 k - 2 potions of invisibility
 l - 4 potions of resistance
 n - 5 potions of might
Miscellaneous
 B - a lightning rod (4/4)


   Skills:
 + Level 6.7 Fighting
 + Level 6.3 Axes
 * Level 9.5 Armour
 - Level 2.1 Dodging
 - Level 2.1 Stealth
 * Level 3.7 Shields
 * Level 3.5 Invocations


You had 5 spell levels left.
You didn't know any spells.
Your spell library was empty.

Dungeon Overview and Level Annotations

Branches:
Dungeon (1/1)

Altars:
Ashenzari
Cheibriados
Dithmenos
Elyvilon
Fedhas
Gozag
Hepliaklqana
Kikubaaqudgha
Makhleb
Nemelex Xobeh
Okawaru
Qazlal
Ru
Sif Muna
Trog
Uskayaw
Vehumet
Wu Jian
Xom
Yredelemnul
Zin
The Shining One
Jiyva
Lugonu

Annotations:
D 1 transporter


Innate Abilities, Weirdness & Mutations

You are completely covered in rugged brown scales. (AC +3, +7% HP)
Armour fits poorly on your strangely shaped body.
You have a long armoured tail.
You roll when moving toward enemies. (Rampage)
Your long tongue fully drains potion bottles. (2x potion effects)
Your tongue gives you trouble enunciating. (1.5x scroll delay)


Message History

You roll towards the +5 scimitar of distortion!
You barely miss the +5 scimitar of distortion.
You slice the +2 battleaxe of venom!!
Visions of slaying the +5 scimitar of distortion flood into your mind.
You block the +5 scimitar of distortion's attack.
GONNNNG!
Your ball python zombie misses the +5 scimitar of distortion.
Your ball python zombie completely misses the +5 scimitar of distortion.
The +2 battleaxe of venom hits you but does no damage.
You are poisoned.
The +2 battleaxe of venom hits your smoke demon but does no damage.
The deep elf zephyrmancer hits your jackal zombie with a +0 dagger.
The deep elf pyromancer hits your jackal zombie with a +0 long sword!
Your jackal zombie is destroyed!
Your smoke demon hits the +5 scimitar of distortion but does no damage.
Your smoke demon closely misses the +5 scimitar of distortion.
Your smoke demon barely misses the +5 scimitar of distortion.
The +5 scimitar of distortion hits you.
Your ball python zombie misses the +5 scimitar of distortion.
Your ball python zombie closely misses the +5 scimitar of distortion.
You cannot move away from the +5 scimitar of distortion!
Unknown command.
You cannot move away from the +5 scimitar of distortion!
You swap places.
Visions of slaying the +2 battleaxe of venom flood into your mind.
You feel very sick. The +5 scimitar of distortion hits you!
* * * LOW HITPOINT WARNING * * *
Space warps horribly around you!
* * * LOW HITPOINT WARNING * * *
The +2 battleaxe of venom completely misses you.
The +2 battleaxe of venom hits your sun demon!
The deep elf pyromancer mumbles some strange words.
The deep elf pyromancer blinks!
The deep elf zephyrmancer gestures at you while chanting.
The bolt of lightning hits the +2 battleaxe of venom.
The +2 battleaxe of venom completely resists.
The bolt of lightning hits you. You resist.
You die...
Your body rises from the dead as a mindless zombie.

▓▓▓▓▓▓▓▓▓▓▓▓▓▓▓▓▓▓▓
▓.8©8.▓.8©8.▓.8©8.▓
▓.|:[.▓...|.▓.....▓
▓..e§.▓.....▓.=.).▓
▓.((..▓.....▓.....▓
▓.@3Z.▓.....▓.....▓
▓.3e..▓.....▓..©..▓
▓..©..▓..©..▓▓▓▓▓▓▓
▓▓▓▓▓▓▓▓▓▓▓▓▓


You could see a deep elf pyromancer, a deep elf zephyrmancer (ally target), 2
dancing weapons, a friendly sun demon (summoned), a friendly smoke demon
(summoned) and a friendly ball python zombie.

Vanquished Creatures
  A scorpion (D)
1 creature vanquished.

Vanquished Creatures (collateral kills)
  2 scorpions (D)
  A quasit (D)
  An iron imp (D)
4 creatures vanquished.

Vanquished Creatures (others)
  A scorpion zombie (D)
  2 adder zombies (D)
  2 bat zombies (D)
  A ball python zombie (D)
  A giant cockroach zombie (D)
  A jackal zombie (D)
8 creatures vanquished.

Grand Total: 13 creatures vanquished

Notes
Turn   | Place    | Note
-------+----------+-------------------------------------------
     0 | D        | Atreus the Armataur Monk began the quest for the Orb.
     0 | D        | Reached XP level 1. HP: 19/19 MP: 1/1
     0 | D        | Found a shimmering blue altar of Sif Muna.
     0 | D        | Found a bloodstained altar of Trog.
     0 | D        | Found a sacrificial altar of Ru.
     0 | D        | Found a stormy altar of Qazlal.
     0 | D        | Found an iron altar of Okawaru.
     2 | D        | Found a sparkling altar of Nemelex Xobeh.
     2 | D        | Found the +6 Majin-Bo {spellvamp, MP+6 Int+6}
     2 | D        | Found the +27 heavy crossbow "Sniper" {heavy, Acc+∞ SInv}
     2 | D        | Found the +10 dark maul {heavy}
     2 | D        | Found the +15 Maxwell's patent armour {-Cast -Tele rElec
                  | Will+ rCorr}
     2 | D        | Found the +18 shield of the Gong {Loud rN+ Will+ rCorr
                  | EV-5}
     2 | D        | Found the +16 obsidian axe {drain, demonic, Mesm Drain Fly
                  | SInv}
     2 | D        | Found the +7 great mace "Firestarter" {flame, inner flame,
                  | rFlCloud rF++}
     2 | D        | Found the +6 shillelagh "Devastator" {shatter}
     2 | D        | Found the +11 plutonium sword {Contam Stlth-}
     2 | D        | Found the +8 lance "Wyrmbane" {slay drac, rPois rF+ rC+
                  | AC+3}
     2 | D        | Found the +9 sword of Zonguldrok {reap}
     2 | D        | Found the +13 scythe of Curses {drain, curses, Drain}
     2 | D        | Found the +9 sword of Power {lifebolt}
     2 | D        | Found the +7 mace of Variability {chaos, chain chaos}
     2 | D        | Found the +11 Singing Sword {sonic wave}
     2 | D        | Found the +8 storm bow {elec, penet}
     3 | D        | Found a blossoming altar of Fedhas.
     5 | D        | Found a transporter.
     5 | D        | Found an ancient bone altar of Kikubaaqudgha.
     5 | D        | Found a viscous altar of Jiyva.
     5 | D        | Found a corrupted altar of Lugonu.
     5 | D        | Found a hazy altar of Hepliaklqana.
     5 | D        | Found a burning altar of Makhleb.
     5 | D        | Found an opulent altar of Gozag.
    66 | D        | Reached skill level 5 in Fighting
    66 | D        | Reached skill level 7 in Armour
    66 | D        | Reached XP level 2. HP: 31/31 MP: 2/2
    66 | D        | Reached XP level 3. HP: 38/38 MP: 3/3
    85 | D        | Became a worshipper of Yredelemnul the Dark
    85 | D        | Reached * piety under Yredelemnul
    85 | D        | Reached ** piety under Yredelemnul
   126 | D        | Entered arena 2.
   126 | D        | Found a transporter.
   130 | D        | Reached skill level 5 in Axes
   130 | D        | Reached skill level 8 in Armour
   133 | D        | Reached skill level 1 in Shields
   133 | D        | Reached skill level 1 in Invocations
   133 | D        | Reached XP level 4. HP: 47/47 MP: 2/5
   140 | D        | Entered arena 3.
   140 | D        | Found the +8 demon blade "Leech" {evervamp, Harm Drain rN+}
   140 | D        | Noticed a scorpion
   140 | D        | Noticed a scorpion
   140 | D        | Noticed a scorpion
   140 | D        | Found a transporter.
   144 | D        | Killed a scorpion
   145 | D        | Reached XP level 5. HP: 53/53 MP: 3/6
   146 | D        | Reached skill level 9 in Armour
   146 | D        | Reached XP level 6. HP: 62/62 MP: 3/8
   153 | D        | Entered arena 4.
   153 | D        | Noticed a +2 battleaxe of venom
   153 | D        | Noticed a deep elf pyromancer
   153 | D        | Noticed a +5 scimitar of distortion
   153 | D        | Noticed a deep elf zephyrmancer
   153 | D        | Found a transporter.
   156 | D        | HP: 1/62 [+5 scimitar of distortion (15)]
   156 | D        | Killed from afar by a deep elf zephyrmancer

Illustrated notes

Levels and vault maps discovered:
D:        sprint_v [room_start, room_1, room_2, room_3, room_4, room_5, room_6,
          room_7, room_8, room_9, room_10, room_11, room_12, room_13, room_14,
          room_15, room_16, room_17, room_18, room_19, room_20, room_21,
          room_22, room_23, room_24, room_25, room_26, room_27]

Skill      XL: |  1  2  3  4  5 |
---------------+----------------+-----
Fighting       | 5 6 |  6.7
Axes           | 4 5 6 |  6.3
Armour         | 7 8 9 |  9.5
Shields        | 1 2 3 |  3.7
Invocations    | 1 2 3 |  3.5
Dodging        | |  2.1
Stealth        | |  2.1

Action                     |  1- 3 |  4- 6 || total
---------------------------+-------+-------++-------
  Melee: Broad axe         |     3 |     3 ||     6
 Invoke: Recall Undead Har |     2 |       ||     2
         Stop Recall       |     1 |       ||     1
    Use: Potion            |     1 |       ||     1
 Armour: Plate armour      |     7 |     2 ||     9
  Dodge: Dodged            |     1 |     1 ||     2
  Block: Kite shield       |     7 |     8 ||    15

Table legend: (Time is in decaauts)
 A = Elapsed time spent in this place.
 B = Non-inter-level travel time spent in this place.
 C = Inter-level travel time spent in this place.
 D = Time resting spent in this place.
 E = Time spent auto-exploring this place.
 F = Levels seen in this place.
 G = Mean time per level.
                   A        B        C        D        E       F      G
               +--------+--------+--------+--------+--------+-----+--------+
         Total |    157 |    157 |      0 |     23 |      0 |   1 |  157.0 |
       Dungeon |    157 |    157 |      0 |     23 |      0 |   1 |  157.0 |
               +--------+--------+--------+--------+--------+-----+--------+

Top non-repeatable levels by time:
       D: 157 daAuts
